 Dungeon Crawl Stone Soup version 0.31-a0-858-g469dc525a8 (webtiles) character file.

Game seed: 1338789772275684838

53 BinkBink the Chopper (level 3, 0/34 HPs)
             Began as a Hill Orc Monk on Oct 9, 2023.
             Succumbed to an adder's poison
             ... on level 2 of the Dungeon.
             The game lasted 00:01:22 (1023 turns).

BinkBink the Chopper (Hill Orc Monk)                Turns: 1023, Time: 00:01:23

Health: 0/34       AC:  3    Str: 15    XL:     3   Next: 87%
Magic:  3/3        EV: 12    Int: 10    God:
Gold:   32         SH:  0    Dex: 13    Spells: 2/2 levels left

rFire   . . .        a - +0 hand axe
rCold   . . .        d - orb {light}
rNeg    . . .        b - +0 robe
rPois   .            (no helmet)
rElec   .            (no cloak)
rCorr   .            h - +0 pair of gloves
SInv    .            (no boots)
Will    .....        (no amulet)
Stlth   +            (no ring)
HPRegen 0.25/turn    (no ring)
MPRegen 0.08/turn

%: no passive effects
@: lethally poisoned (0 -> -1), glowing
A: no striking features
a: no special abilities


You were on level 2 of the Dungeon.
You visited 1 branch of the dungeon, and saw 2 of its levels.

You collected 32 gold pieces.

Inventory:

Hand Weapons
 a - a +0 hand axe (weapon)
Armour
 b - a +0 robe (worn)
 d - an orb of light (worn)
 h - a +0 pair of gloves (worn)
 j - a scarf of harm
 l - a +0 scale mail
Scrolls
 g - a scroll of teleportation {unknown}
 i - a scroll of noise {unknown}
 m - 2 scrolls of poison {unknown}
 n - a scroll of blinking {unknown}
Potions
 c - a potion of ambrosia
 e - a potion of magic {unknown}
 f - a potion of heal wounds {unknown}
 k - a potion of attraction {unknown}


   Skills:
 + Level 4.4 Fighting
 + Level 4.8 Axes
 + Level 2.9 Dodging


You had 2 spell levels left.
You didn't know any spells.
Your spell library was empty.

Dungeon Overview and Level Annotations

Branches:
Dungeon (2/15)

Altars:


Message History

You are too injured to fight recklessly!
You are too injured to fight recklessly!
You are too injured to fight recklessly!
You are too injured to fight recklessly!
You closely miss the adder.
The adder is almost dead.
You feel sick. The adder bites you but does no damage. The adder bites you.
You hit the adder.
The adder is almost dead.
You feel sick.
You are no longer poisoned.
The adder misses you.
You closely miss the adder.
The adder is almost dead.
The adder bites you. The adder closely misses you.
You barely miss the adder.
The adder is almost dead.
The adder closely misses you.
You barely miss the adder.
The adder is almost dead.
The adder bites you.
* * * LOW HITPOINT WARNING * * *
You are poisoned.
The adder poisons you!
You closely miss the adder.
The adder is almost dead.
You feel sick. The adder bites you.
* * * LOW HITPOINT WARNING * * *
The adder closely misses you.
You hit the adder but do no damage.
The adder is almost dead.
You feel sick. The adder bites you but does no damage.
You hit the adder but do no damage.
The adder is almost dead.
You feel sick. The adder bites you.
* * * LOW HITPOINT WARNING * * *
The adder bites you but does no damage.
You barely miss the adder.
The adder is almost dead.
You die...

....... ...... ## ....#
#.. ....# .# ..# ....##
.# ..# .....# #.# ..#
#.##.# #.#.######..#
#.##)# #.#.#....#..#
#.##.###.#.#....@†.#####
#.##...#.#.#.....S.....#
#.####...#.............#
#.#####..#.............#
#.............##.......#
########......##......^#
# ##.#...##.......# #
#..>.###.......#
############.# #.......#


You could see an adder.

Vanquished Creatures
  2 dart slugs (D:2)
  2 bats (D:1)
  3 endoplasms (D:1)
  5 giant cockroaches
  7 goblins
  2 hobgoblins (D:1)
  4 jackals (D:1)
  5 kobolds (D:1)
  A quokka (D:1)
  3 ball pythons (D:1)
  4 frilled lizards
  9 rats
47 creatures vanquished.

Notes
Turn   | Place    | Note
-------+----------+-------------------------------------------
     0 | D:1      | BinkBink the Hill Orc Monk began the quest for the Orb.
     0 | D:1      | Reached XP level 1. HP: 19/19 MP: 1/1
    99 | D:1      | Reached XP level 2. HP: 13/27 MP: 2/2
   474 | D:1      | Reached XP level 3. HP: 33/33 MP: 3/3
  1022 | D:2      | HP: 1/34 [adder (4)]
  1023 | D:2      | Succumbed to an adder's poison

Illustrated notes

Levels and vault maps discovered:
D:1:      elethiomel_arrival_diamonds, layout_rooms, minmay_misc_feat_room,
          chequers_serial_rivers_room_a
D:2:      layout_basic, uniq_crazy_yiuf_cottage

Skill      XL: |  1  2 |
---------------+-------+-----
Fighting       | 4 |  4.4
Axes           | |  4.8
Dodging        | |  2.9

Action                     || total
---------------------------++-------
  Melee: Hand axe          ||   123
 Armour: Robe              ||    85
  Dodge: Dodged            ||    61

Table legend: (Time is in decaauts)
 A = Elapsed time spent in this place.
 B = Non-inter-level travel time spent in this place.
 C = Inter-level travel time spent in this place.
 D = Time resting spent in this place.
 E = Time spent auto-exploring this place.
 F = Levels seen in this place.
 G = Mean time per level.
                   A        B        C        D        E       F      G
               +--------+--------+--------+--------+--------+-----+--------+
         Total |   1031 |   1016 |     15 |     85 |    674 |   2 |  515.5 |
       Dungeon |   1031 |   1016 |     15 |     85 |    674 |   2 |  515.5 |
               +--------+--------+--------+--------+--------+-----+--------+

Top non-repeatable levels by time:
     D:1: 847 daAuts
     D:2: 183 daAuts
